 Dungeon Crawl Stone Soup version 0.29-a0-582-ge82337ba6a (webtiles) character file.

Game seed: 620840498915371257

48 zeratav the Cutter (level 4, 0/26 HPs)
             Began as a Kobold Gladiator on June 14, 2022.
             Slain by a gnoll
             ... wielding a +0 spear
              (4 damage)
             ... on level 2 of the Dungeon.
             The game lasted 00:01:50 (1696 turns).

zeratav the Cutter (Kobold Gladiator)               Turns: 1696, Time: 00:01:51

Health: 0/26       AC:  4    Str: 11    XL:     4   Next: 0%
Magic:  4/4        EV: 15    Int:  9    God:
Gold:   63         SH:  0    Dex: 18    Spells: 3/3 levels left

rFire   . . .      SeeInvis .   a - +0 rapier {short}
rCold   . . .      Faith    .   (no shield)
rNeg    . . .      Spirit   .   b - +0 leather armour
rPois   .          Reflect  .   c - +0 helmet
rElec   .          Harm     .   (no cloak)
rCorr   .          Rampage  .   (no gloves)
Will    .....                   (no boots)
Stlth   +++.......              (no amulet)
HPRegen 0.08/turn               (no ring)
MPRegen 0.09/turn               (no ring)

@: no status effects
A: small, no large weapons, nightstalker 3
a: no special abilities


You were on level 2 of the Dungeon.
You visited 1 branch of the dungeon, and saw 2 of its levels.

You collected 63 gold pieces.


Innate Abilities, Weirdness & Mutations

You are small and have problems with some larger weapons.
You are completely attuned to the shadows.


   Skills:
 - Level 2.1 Fighting
 + Level 5.1 Short Blades
 - Level 2.1 Throwing
 - Level 3.6 Dodging
 + Level 3.2 Stealth


You had 3 spell levels left.
You didn't know any spells.
Your spell library contained the following spells:

 Spells                   Type           Power      Damage    Failure   Level
 Frozen Ramparts          Ice            0%         1d2       85%         3
 Ice Form                 Ice/Tmut       0%         N/A       99%         4
 Summon Ice Beast         Ice/Summ       0%         N/A       99%         4

Inventory:

Hand Weapons
 a - a +0 rapier (weapon) {short}
 m - a +1 vorpal mace {mace}
   (You found it on level 2 of the Dungeon)
Missiles
 e - 2 boomerangs (quivered) {throwing}
Armour
 b - a +0 leather armour (worn)
 c - a +0 helmet (worn)
 f - a +0 scale mail
   (You found it on level 1 of the Dungeon)
 h - a +0 kite shield
   (You found it on level 1 of the Dungeon)
 n - a +0 chain mail
   (You found it on level 2 of the Dungeon)
Scrolls
 i - 2 scrolls of identify {unknown}
 j - a scroll of noise {unknown}
 k - a scroll of teleportation {unknown}
 l - a scroll of poison {unknown}
Potions
 g - a potion of heal wounds {unknown}

Dungeon Overview and Level Annotations

Branches:
Dungeon (2/15)

Altars:

#.####.# #..
#.####.# ###
#......#
#.###### #.
##.# #.#
#####..### ...#
#........#
...g##..8.⌠.8.#
.(.g)@........#
#.####..⌠._.⌠.#
#........#
##.8.⌠.8.
#.......


You could see 2 gnolls.


Message History

You closely miss the jackal. The jackal completely misses you.
You barely miss the jackal. The jackal completely misses you.
You hit the jackal.
You kill the jackal!
Your Stealth skill increases to level 3!
No target in view!
No target in view!
No target in view!
No target in view!
No target in view!
No target in view!
No target in view!
No target in view!
No target in view!
No target in view!
No target in view!
No target in view!
No target in view!
No target in view!
No target in view!
A gnoll comes into view. It is wielding a +0 club.
HP[+3]
Your hp is fully restored (21).
A gnoll is nearby!
A gnoll comes into view.
It is wielding a +0 flail of protection.
A gnoll comes into view. It is wielding a +0 spear.
The helpless gnoll fails to defend itself.
You impale the gnoll!!
You kill the gnoll!
You have reached level 4!
HP[+5] MP[+1]
You now have 26 max hp (+5).
Your hp is fully restored (26).
Your mp is fully restored (4).
A gnoll comes into view. It is wielding a +0 club.
The gnoll shouts! x2
Things that are here:
a +0 club {mace}; a gnoll corpse Throw: 3 throwing nets {=fthrowing}
Press: ? - help, Q - select action, (/) - cycle Shift-Dir - straight line, f - gnoll
Aim: a gnoll, wielding a +0 flail of protection (66% to hit)
You throw a throwing net {=fthrowing}.
The throwing net {=fthrowing} barely misses the gnoll.
The throwing net {=fthrowing} barely misses the gnoll.
The gnoll closely misses you.
The gnoll hits you from afar with a +0 spear.
HP[-4]
You take 4 damage, and now have 22/26 hp.
Throw: 2 throwing nets {=fthrowing}
Press: ? - help, Q - select action, (/) - cycle Shift-Dir - straight line, f/p - gnoll
Aim: a gnoll, wielding a +0 flail of protection (66% to hit)
You throw a throwing net {=fthrowing}.
The throwing net {=fthrowing} barely misses the gnoll.
The throwing net {=fthrowing} barely misses the gnoll.
The gnoll hits you from afar with a +0 spear.
The gnoll hits you with a +0 flail of protection!
* * * LOW HITPOINT WARNING * * *
HP[-14]
You take 14 damage, and now have 8/26 hp.
MASSIVE DAMAGE!! (PAUSE) Throw: throwing net {=fthrowing}
Press: ? - help, Q - select action, (/) - cycle Shift-Dir - straight line, f/p - gnoll
Aim: a gnoll, wielding a +0 flail of protection (66% to hit)
You throw a throwing net {=fthrowing}.
The throwing net {=fthrowing} hits the gnoll.
The gnoll is caught in the net!
You hit the gnoll. The gnoll completely misses you.
The gnoll struggles against the net.
You hit the gnoll but do no damage. The gnoll barely misses you.
The gnoll struggles against the net.
You hit the gnoll but do no damage.
The gnoll struggles against the net.
The gnoll barely misses you.
HP[+1]
You hit the gnoll. The gnoll completely misses you.
The gnoll struggles against the net.
You catch the helpless gnoll completely off-guard!
You hit the gnoll.
The gnoll struggles against the net.
The net rips apart, and the gnoll comes free!
The gnoll closely misses you.
You barely miss the gnoll. The gnoll misses you.
The gnoll hits you from afar with a +0 spear.
* * * LOW HITPOINT WARNING * * *
HP[-1]
You take 1 damage, and now have 8/26 hp.
You barely miss the gnoll. The gnoll barely misses you.
The gnoll closely misses you.
You barely miss the gnoll.
The gnoll hits you with a +0 flail of protection.
* * * LOW HITPOINT WARNING * * *
The gnoll closely misses you.
HP[-4]
You take 4 damage, and now have 4/26 hp.
You hit the gnoll but do no damage. The gnoll closely misses you.
The gnoll barely misses you.
You hit the gnoll but do no damage. The gnoll barely misses you. x2
You hit the gnoll. The gnoll closely misses you.
The gnoll hits you but does no damage.
You puncture the gnoll!
You kill the gnoll!
The gnoll hits you from afar with a +0 spear.
You die...

Skill      XL: |  1  2  3 |
---------------+----------+-----
Stealth        | 1 2 3 |  3.2
Short Blades   | 5 |  5.1
Fighting       | |  2.1
Throwing       | |  2.1
Dodging        | |  3.6

Action                   |  1- 3 |  4- 6 || total
-------------------------+-------+-------++-------
Melee: Rapier            |    91 |    12 ||   103
       Punch             |     1 |       ||     1
Throw: Throwing net      |       |     3 ||     3
 Stab: Sleeping          |    13 |       ||    13
       Held in net/web   |       |     1 ||     1
Armor: Leather armour    |    16 |     1 ||    17
Dodge: Dodged            |    60 |    15 ||    75

Levels and vault maps discovered:
D:1:      dpeg_arrival_another_circle, layout_basic, roderic_nine_men_s_morris,
          st_stairs_13, minmay_misc_feat_nine_boxes
D:2:      layout_loops_corners, hellmonk_ecumenical_altar_dog_temple

Notes
Turn   | Place    | Note
-------+----------+-------------------------------------------
     0 | D:1      | zeratav the Kobold Gladiator began the quest for the Orb.
     0 | D:1      | Reached XP level 1. HP: 12/12 MP: 1/1
     0 | D:1      | magus.rc [v1.9.6]
    35 | D:1      | You pick up a book of Rime and begin reading...
    35 | D:1      | You add the spells Frozen Ramparts, Ice Form and Summon Ice
                  | Beast to your library.
    77 | D:1      | Reached skill level 1 in Stealth
   147 | D:1      | Reached XP level 2. HP: 17/17 MP: 2/2
   226 | D:1      | Reached skill level 2 in Stealth
   235 | D:1      | HP: 4/17 [jackal (1)]
   749 | D:1      | Reached XP level 3. HP: 21/21 MP: 3/3
  1617 | D:2      | Reached skill level 5 in Short Blades
  1630 | D:2      | Found a faded altar of an unknown god.
  1641 | D:2      | Reached skill level 3 in Stealth
  1680 | D:2      | Reached XP level 4. HP: 26/26 MP: 4/4
  1692 | D:2      | HP: 4/26 [gnoll/+0 flail of protection (4)]
  1696 | D:2      | Slain by a gnoll

Vanquished Creatures
  2 gnolls (D:2)
  4 bats (D:1)
  2 endoplasms (D:1)
  A giant cockroach (D:1)
  A hobgoblin (D:1)
  8 jackals
  A quokka (D:2)
  A frilled lizard (D:1)
  5 goblins
  6 kobolds
  6 rats (D:1)
37 creatures vanquished.

Table legend:
 A = Non-vault XP
 B = Vault XP
 C = Vault XP percentage of total XP
 D = Non-vault monster count
 E = Vault monster count
 F = Vault count percentage of total count
                 A         B        C        D         E       F
            +---------+---------+-------+---------+---------+-------
      Total |      78 |       5 |   6.0 |      34 |       3 |   8.1
            +---------+---------+-------+---------+---------+-------
        D:1 |      45 |       1 |   2.2 |      29 |       1 |   3.3
        D:2 |      33 |       4 |  10.8 |       5 |       2 |  28.6
            +---------+---------+-------+---------+---------+-------

Illustrated notes

Table legend:
 A = Kills in this place as a percentage of kills in entire the game.
 B = Kills by you in this place as a percentage of kills by you in the entire game.
 C = Kills by friends in this place as a percentage of kills by friends in the entire game.
 D = Other kills in this place as a percentage of other kills in the entire game.
 E = Experience gained in this place as a percentage of experience gained in the entire game.
 F = Experience gained in this place divided by the number of levels of this place that you have seen.
                   A       B       C       D       E      F
               +-------+-------+-------+-------+-------+----------------------
         Total | 100.0 | 100.0 |   N/A |   N/A | 100.0 |  41.5
       Dungeon | 100.0 | 100.0 |   N/A |   N/A | 100.0 |  41.5
               +-------+-------+-------+-------+-------+----------------------

Table legend: (Time is in decaauts)
 A = Elapsed time spent in this place.
 B = Non-inter-level travel time spent in this place.
 C = Inter-level travel time spent in this place.
 D = Time resting spent in this place.
 E = Time spent auto-exploring this place.
 F = Levels seen in this place.
 G = Mean time per level.
                   A        B        C        D        E       F      G
               +--------+--------+--------+--------+--------+-----+--------+
         Total |   1692 |   1655 |     37 |    388 |   1031 |   2 |  846.0 |
       Dungeon |   1692 |   1655 |     37 |    388 |   1031 |   2 |  846.0 |
               +--------+--------+--------+--------+--------+-----+--------+

Top non-repeatable levels by time:
     D:1: 1480 daAuts
     D:2: 212 daAuts
